 Dungeon Crawl Stone Soup version 0.22.1-2-g9c5b331 (webtiles) character file.

212 MalarOregon the Chiller (level 5, -5/39 HPs)
             Began as a Merfolk Ice Elementalist on Nov 20, 2018.
             Slain by a gnoll sergeant
             ... wielding a +0 trident
              (14 damage)
             ... on level 2 of the Dungeon.
             The game lasted 00:07:56 (3850 turns).

MalarOregon the Chiller (Merfolk Ice Elementalist)  Turns: 3850, Time: 00:07:57

Health: -5/39      AC:  4    Str:  8    XL:     5   Next: 90%
Magic:  5/9        EV: 14    Int: 16    God:
Gold:   95         SH:  0    Dex: 14    Spells: 3/9 levels left

rFire    . . .     SeeInvis .   f - +0 spear
rCold    . . .     Gourm    .   (no shield)
rNeg     . . .     Faith    .   a - +0 robe
rPois    .         Spirit   .   j - +0 helmet
rElec    .         Reflect  .   (no cloak)
rCorr    .         Harm     .   (no gloves)
MR       .....                  g - +0 pair of boots
Stlth    ++........             (no amulet)
HPRegen  0.13/turn              (no ring)
MPRegen  0.11/turn              (no ring)

@: no status effects
A: change form in water, swift swim, stealthy swim
a: no special abilities


You were on level 2 of the Dungeon.
You were hungry.

You visited 1 branch of the dungeon, and saw 3 of its levels.

You collected 95 gold pieces.

Inventory:

Hand Weapons
 c - a +0 blowgun
   (You found it on level 3 of the Dungeon)
 d - a +0 dagger
   (You took it off a kobold on level 1 of the Dungeon)
 f - a +0 spear (weapon)
   (You found it on level 1 of the Dungeon)
Missiles
 m - 8 tomahawks (quivered)
Armour
 a - a +0 robe (worn)
 g - a +0 pair of boots (worn)
   (You found it on level 1 of the Dungeon)
 j - a +0 helmet (worn)
   (You took it off Robin on level 1 of the Dungeon)
Scrolls
 l - a scroll of enchant weapon {unknown}
Potions
 h - a potion of mutation {!q}
 i - 3 potions of brilliance {unknown}
 k - a potion of haste {@q3}
Comestibles
 e - 4 rations {!d}


   Skills:
 + Level 2.3 Fighting
 * Level 3.9 Polearms
 + Level 4.0 Dodging
 - Level 2.1 Stealth
 + Level 2.9 Spellcasting
 - Level 0.7 Conjurations
 + Level 4.1 Ice Magic


You had 3 spell levels left.
You knew the following spells:

 Your Spells              Type           Power        Failure   Level  Hunger
a - Freeze                Ice            ###.         3%          1    #......
b - Ozocubu's Armour      Chrm/Ice       #.......     24%         3    ###....
x - Throw Frost           Conj/Ice       ##....       11%         2    ##.....

Your spell library contained the following spells:

 Spells                   Type           Power        Failure   Level  Hunger
 Throw Icicle             Conj/Ice       ##......     56%         4    #####..
 Summon Ice Beast         Ice/Summ       #.......     63%         4    #####..


Dungeon Overview and Level Annotations

Branches:
Dungeon (3/15)

Altars:


Message History

The gnoll barely misses you.
A gnoll comes into view. It is wielding a flail.
Found a stone staircase leading down.
You barely miss the gnoll. The gnoll misses you.
You hit the gnoll but do no damage. The gnoll hits you with a flail.
You closely miss the gnoll. The gnoll misses you.
You barely miss the gnoll.
The gnoll sergeant hits you from afar with a trident.
You hit the gnoll. The gnoll hits you with a flail.
Aim: a gnoll, wielding a flail (lightly wounded)
You freeze the gnoll.
The gnoll sergeant hits you from afar with a trident!
The gnoll hits you with a flail.
* * * LOW HITPOINT WARNING * * *
There is a stone staircase leading up here.
The gnoll sergeant hits you from afar with a trident!
* * * LOW HITPOINT WARNING * * *
You climb upwards.
There is a stone staircase leading down here.
Unknown command.
You start resting.
You start resting.
All of the chunks of flesh in your inventory have rotted away.
You are feeling hungry.
You start resting.
You climb downwards.
The gnoll sergeant hits you with a trident!
The gnoll misses you. x2
The gnoll sergeant hits you with a trident.
The gnoll misses you.
There is a stone staircase leading up here.
The gnoll barely misses you. x2; The gnoll closely misses you.
You climb upwards.
There is a stone staircase leading down here.
Unknown command.
Unknown command.
The gnoll sergeant hits you but does no damage.
Aim: a gnoll sergeant, wielding a trident and wearing a ring mail The puff of frost hits the gnoll sergeant.
The gnoll sergeant hits you with a trident.
Aim: a gnoll sergeant, wielding a trident and wearing a ring mail (lightly You freeze the gnoll sergeant.
The gnoll sergeant hits you with a trident.
* * * LOW HITPOINT WARNING * * *
Aim: a gnoll sergeant, wielding a trident and wearing a ring mail (moderately You freeze the gnoll sergeant.
The gnoll sergeant hits you with a trident!
* * * LOW HITPOINT WARNING * * *
The gnoll sergeant hits you from afar with a trident!
You die...

#........#...^.##...# #.##....
#......(.#.....#########.##.###
#######.##...>.'.............<.
#...##).......#######.#..#.#.#
#....)<#.##...#.....#.##.#.###
#....#...##.#g#.##.##.##.#....
#....#(####.#g#.##....##.#####
#....#.#..#<#.#.########.#
#...##.#..###@#.###### #.#
#......#......#......# #.#
#...#####.##########.###.#
######....# #......# #...##
#####....>.#
###.######...#......#
#...)....#.......##
##.......##############
#.....###....# #.....


You could see a gnoll sergeant and a gnoll.

Vanquished Creatures
  A worker ant (D:2)
  Robin (D:1)
  4 gnolls (D:3)
  4 adders
  An ooze (D:1)
  3 worms (D:2)
  4 dart slugs
  2 leopard geckos
  5 orcs (D:3)
  4 bats
  3 giant cockroaches
  10 goblins
  6 hobgoblins
  6 jackals (D:2)
  3 quokkas
  2 ball pythons
  6 frilled lizards
  4 kobolds
  13 rats
82 creatures vanquished.

Notes
Turn   | Place    | Note
-------+----------+-------------------------------------------
     0 | D:1      | MalarOregon the Merfolk Ice Elementalist began the quest
                  | for the Orb.
     0 | D:1      | Reached XP level 1. HP: 13/13 MP: 3/3
   167 | D:1      | Reached XP level 2. HP: 20/20 MP: 3/5
   519 | D:1      | Reached skill level 1 in Fighting
   649 | D:1      | Reached XP level 3. HP: 24/26 MP: 6/6
   653 | D:1      | Learned a level 2 spell: Throw Frost
   657 | D:1      | Learned a level 3 spell: Ozocubu's Armour
  1270 | D:2      | Reached skill level 1 in Polearms
  1720 | D:2      | Reached XP level 4. HP: 32/32 MP: 0/7
  1789 | D:2      | Noticed Robin
  1907 | D:1      | Killed Robin
  2430 | D:2      | Reached XP level 5. HP: 37/38 MP: 3/8
  3850 | D:2      | Slain by a gnoll sergeant

Skill      XL: |  1  2  3  4  5 |
---------------+----------------+-----
Dodging        | 3 4 |  4.0
Fighting       | 1 2 |  2.3
Polearms       | 1 3 |  3.9
Ice Magic      | 4 |  4.1
Stealth        | |  2.1
Spellcasting   | |  2.9
Conjurations   | |  0.7

Action                   |  1- 3 |  4- 6 || total
-------------------------+-------+-------++-------
Melee: Spear             |    60 |   113 ||   173
       Unarmed           |     4 |       ||     4
       Dagger            |     1 |       ||     1
 Cast: Freeze            |    41 |    60 ||   101
       Throw Frost       |       |     6 ||     6
  Use: Scroll            |     3 |     2 ||     5
       Potion            |     1 |       ||     1
 Stab: Sleeping          |     3 |     6 ||     9
  Eat: Chunk             |     2 |     8 ||    10
Armor: Robe              |    20 |    19 ||    39
Dodge: Dodged            |    71 |   106 ||   177
